Map: Frozen Temple

Players

Kixantrix - Winner!

  • Race: Terran Terran
  • League: Master

Miszu

  • Race: Protoss Protoss
  • League: Master

VOD

Have the link to the VOD?

Description

Time

  • Played on: April 1, 2016, 4:16 p.m.
  • Length: 6:59
Show
View Real Time Build Order
Export as new Build Order

Kixantrix Terran - Winner!

Build Orders: Reaper Expand 

Get SALT Encoding   

  12  0:00  SCV  
  13  0:13  SCV  
  14  0:17  Supply Depot  
  14  0:25  SCV  
  15  0:39  SCV  
  15  0:40  Barracks  
  16  0:44  Refinery  
  16  0:51  SCV  
  17  1:03  SCV  
  18  1:15  SCV  
  19  1:27  Orbital Command  
  19  1:28  Reaper  
  20  1:39  Command Center  
  20  1:50  Supply Depot  
  20  1:53  SCV  
  21  2:00  Marine  
  22  2:06  Factory  
  22  2:08  SCV  
  23  2:20  SCV  
  24  2:23  Barracks  
  24  2:27  Barracks Reactor  
  24  2:33  SCV  
  25  2:45  SCV  
  25  2:51  Factory Tech Lab  
  25  2:55  Orbital Command  
  25  2:56  Refinery  
  25  2:57  SCV  
  26  3:04  Marine x2  
  28  3:09  SCV  
  28  3:11  Marine  
  30  3:17  Engineering Bay  
  30  3:21  SCV  
  30  3:22  Marine x2  
  33  3:34  Marine  
  33  3:35  Cyclone, SCV x2  
  33  3:39  Marine  
  33  3:40  Marine  
  40  3:47  SCV  
  40  3:49  SCV  
  40  3:51  Marine  
  40  3:54  Missile Turret  
  42  3:57  Marine x2, Missile Turret  
  42  4:00  SCV  
  42  4:01  SCV  
  46  4:03  Supply Depot  
  46  4:22  Terran Infantry Weapons Level 1  
  46  4:24  Marine x2  
  46  4:25  SCV x2  
  46  4:26  Marine  
  46  4:29  Stimpack, Factory Reactor  
  51  4:31  Starport  
  51  4:37  SCV x2  
  53  4:45  Command Center  
  53  4:47  Marine  
  54  5:01  Supply Depot  
  54  5:02  Supply Depot  
  54  5:06  Marine x2, SCV x2  
  58  5:14  Medivac, Barracks  
  58  5:16  Medivac  
  58  5:17  Barracks x2  
  62  5:23  Marine, SCV x2  
  65  5:28  Factory Reactor  
  65  5:33  Marine x2  
  65  5:34  Supply Depot  
  65  5:35  SCV  
  67  5:52  SCV x2  
  67  5:53  Marine, Medivac  
  67  5:54  Marine x2  
  74  6:03  Orbital Command  
  74  6:04  SCV  
  74  6:08  Supply Depot  
  75  6:13  SCV  
  75  6:16  Refinery x2, SCV  
  77  6:20  Marine  
  77  6:21  Barracks Reactor  
  77  6:22  Barracks Reactor  
  77  6:23  Marine  
  77  6:24  Marine x3  
  77  6:25  SCV, Orbital Command  
  83  6:28  SCV  
  84  6:36  Supply Depot  
  84  6:37  Supply Depot, Marine  
  84  6:38  SCV  
  86  6:41  Marine, SCV  
Show
View Real Time Build Order
Export as new Build Order

Miszu Protoss 

Build Orders: Oracle Opening 

Get SALT Encoding   

  12  0:01  Probe (Chrono Boost)  
  13  0:11  Probe (Chrono Boost)  
  14  0:17  Pylon  
  14  0:22  Probe (Chrono Boost)  
  14  0:27  Assimilator  
  15  0:35  Probe (Chrono Boost)  
  16  0:38  Gateway  
  16  0:46  Probe (Chrono Boost)  
  16  0:48  Assimilator  
  17  0:56  Probe (Chrono Boost)  
  18  1:02  Pylon  
  18  1:07  Probe (Chrono Boost)  
  19  1:17  Probe (Chrono Boost)  
  20  1:25  Cybernetics Core  
  20  1:28  Probe (Chrono Boost)  
  21  1:35  Assimilator  
  21  1:38  Probe (Chrono Boost)  
  22  1:49  Probe (Chrono Boost)  
  24  2:02  Mothership Core (Chrono Boost)  
  24  2:08  Nexus  
  24  2:15  Stalker  
  24  2:20  Warp Gate  
  27  2:22  Probe (Chrono Boost)  
  27  2:33  Probe (Chrono Boost)  
  27  2:36  Pylon  
  28  2:44  Stargate  
  28  2:53  Probe (Chrono Boost)  
  29  3:03  Probe (Chrono Boost)  
  30  3:14  Probe (Chrono Boost)  
  30  3:18  Forge  
  30  3:19  Adept  
  33  3:24  Probe (Chrono Boost)  
  34  3:35  Probe (Chrono Boost)  
  34  3:36  Probe (Chrono Boost)  
  36  3:45  Probe (Chrono Boost)  
  37  3:49  Oracle (Chrono Boost), Probe (Chrono Boost)  
  41  3:56  Protoss Ground Weapons Level 1, Pylon  
  41  3:57  Probe  
  41  3:59  Probe  
  43  4:09  Probe  
  44  4:10  Probe  
  44  4:16  Gateway  
  43  4:18  Gateway  
  43  4:20  Probe  
  43  4:21  Probe  
  45  4:27  Oracle (Chrono Boost)  
  48  4:33  Probe  
  48  4:35  Probe  
  50  4:42  Pylon  
  50  4:45  Probe  
  51  4:46  Probe  
  51  4:49  Pylon  
  51  4:50  Stalker  
  54  4:59  Assimilator  
  54  5:00  Assimilator  
  54  5:04  Robotics Facility  
  54  5:05  Probe  
  54  5:06  Probe  
  56  5:15  Probe  
  56  5:18  Probe  
  58  5:32  Adept x3  
  58  5:52  Immortal (Chrono Boost)  
  62  6:04  Nexus  
  62  6:05  Adept  
  62  6:06  Forge, Sentry, Pylon  
  62  6:07  Sentry, Twilight Council  
  62  6:09  Probe  
  62  6:10  Probe  
  70  6:20  Probe  
  70  6:22  Probe  
  72  6:27  Observer (Chrono Boost)  
  72  6:30  Probe  
  72  6:32  Adept x3  
  78  6:34  Probe  
  81  6:41  Probe  
  81  6:47  Pylon, Probe  
Tags
 
Add a new tag
Caveats
  • Supply blocks, unpowered buildings, or Contaminate may cause inaccurate times.
  • Supply counts are checked every 10 seconds.